 Dungeon Crawl Stone Soup version 0.22.1-1-ga44c0e5 (webtiles) character file.

97642 Fang the Severer (level 16, -9/83 HPs)
             Began as a Gargoyle Berserker on Oct 24, 2018.
             Was a High Priest of Trog.
             Mangled by a large abomination (22 damage)
             ... on level 4 of the Abyss on Oct 25, 2018.
             The game lasted 00:29:48 (20941 turns).

Fang the Severer (Gargoyle Berserker)              Turns: 20941, Time: 00:29:48

Health: -9/83      AC: 24    Str: 24      XL:     16   Next: 20%
Magic:  11/11      EV:  9    Int: 10 (12) God:    Trog [*****.]
Gold:   1307       SH:  0    Dex:  9      Spells: 15/15 levels left

rFire    . . .     SeeInvis .   M - +2 battleaxe (venom)
rCold    . . .     Gourm    .   (shield currently unavailable)
rNeg     + . .     Faith    +   n - +2 plate armour
rPois    ∞         Spirit   .   H - +0 hat {MR+}
rElec    +         Reflect  .   (no cloak)
rCorr    .         Harm     .   (no gloves)
MR       ++...     Rnd*Rage +   (no boots)
Stlth    ..........             C - amulet of faith
HPRegen  0.23/turn              j - +4 ring of dexterity
MPRegen  0.12/turn              E - +4 ring of intelligence

@: flying
A: big wings, see invisible, [berserk 2], [blurry vision 2], clumsy 2, deformed
body, [deterioration 2], [frail 2], low mp 1[+2], negative energy resistance 1,
screaming 1, electricity resistance, [weak 2], unbreathing, petrification
resistance, rot immunity, subdued magic 1[+2], AC +12
a: Stop Flying, Berserk, Trog's Hand, Brothers in Arms, Renounce Religion


You were on level 4 of the Abyss.
You worshipped Trog.
Trog was extremely pleased with you.
You were not hungry.

You visited 4 branches of the dungeon, and saw 19 of its levels.
You visited the Abyss 1 time.
You also visited: Sewer and Ossuary.

You collected 1307 gold pieces.

Inventory:

Hand Weapons
 f - a +0 war axe
 D - a +3 executioner's axe of chopping
 G - a +2 battleaxe of electrocution
 I - the +5 battleaxe of Ilemnask {drain, MR+}
   (Trog gifted it to you on level 10 of the Dungeon)

   A truly terrible weapon, it drains the life of those it strikes.
   It affects your resistance to hostile enchantments.
 M - a +2 battleaxe of venom (weapon)
 O - a +4 antimagic battleaxe
 Q - a +0 war axe of distortion
Armour
 n - a +2 plate armour (worn)
 H - a +0 hat of magic resistance (worn)
Jewellery
 b - an uncursed ring of protection from cold
 j - a +4 ring of dexterity (left hand)
 p - an uncursed ring of fire
 C - an amulet of faith (around neck)
 E - a +4 ring of intelligence (right hand)
 P - a cursed -3 ring of intelligence
Wands
 u - a wand of enslavement (17)
 A - a wand of digging (8)
 B - a wand of acid (8)
 K - a wand of scattershot (5)
 L - a wand of clouds (7)
 N - a wand of iceblast (6)
Scrolls
 d - 2 scrolls of fear
 h - 12 scrolls of teleportation
 l - 2 scrolls of fog
 v - 2 scrolls of blinking
 x - 6 scrolls of identify
 y - 7 scrolls of remove curse
 J - 3 scrolls of magic mapping
Potions
 a - 4 potions of magic
 e - 2 potions of heal wounds
 i - 6 potions of might
 k - 13 potions of curing
 m - a potion of haste
 o - 2 potions of cancellation
 q - 4 potions of berserk rage
 r - 2 potions of brilliance
 s - a potion of resistance
 t - 4 potions of lignification
 w - 4 potions of mutation
 z - 4 potions of agility
Comestibles
 c - 32 rations


   Skills:
 + Level 13.3 Fighting
 + Level 18.2 Axes
 + Level 11.9 Armour
 + Level 3.7 Dodging
 + Level 4.9 Stealth


You had 15 spell levels left.
You didn't know any spells.
Your spell library was empty.

Dungeon Overview and Level Annotations

Branches:
Dungeon (11/15)            Temple (1/1) D:5            Lair (6/6) D:11
 Shoals (0/4) Lair:4        Snake (1/4) Lair:2        Slime (0/5) Lair:5
    Orc: D:9-12

Altars:
Ashenzari
Elyvilon
Gozag
Makhleb
Qazlal
Trog
Vehumet
Yredelemnul
Zin
The Shining One
Beogh
Jiyva

Shops:
D:4 *

Portals:
Hell: Lair:6

Annotations:
D:9 2 runed doors
Lair:1 1 runed door, raszama's ghost, journeyman DDNe
Lair:3 3 runed doors, exclusion: oklob plant, CowFu's ghost, journeyman HOFi


Innate Abilities, Weirdness & Mutations

You are resistant to torment.
Your stone body is resilient. (AC +12)
You are immune to poison.
Your large and strong wings let you fly indefinitely.
You resist negative energy. (rN+)
You are resistant to electric shocks. (rElec)
You can survive without breathing.
You are immune to petrification.
You are immune to rotting.
You have supernaturally acute eyesight. (SInv)
You are very clumsy. (Dex -4)
Armour fits poorly on your strangely shaped body.
You occasionally shout uncontrollably at your foes.
[You often lose your temper in combat.]
[Scrolls take you longer to read.]
[Your body often deteriorates upon taking damage.]
[You are very frail. (-20% HP)]
[Your magical capacity is extremely low. (-30% MP)]
[You are very weak. (Str -4)]
[Your spells are much easier to cast, but much less powerful.]


Message History

You are suddenly pulled into a different region of the Abyss!
Unknown command.
You start resting.
You shout at the large abomination!
A large abomination assembles itself!
A large abomination is nearby!
A large abomination is nearby!
You strike the helpless large abomination from behind!
You hit the large abomination but do no damage.
You slash the large abomination!
The large abomination is lightly damaged.
You hit the large abomination but do no damage.
The large abomination is lightly damaged.
The large abomination hits you but does no damage.
You slice the large abomination!!
The large abomination is heavily damaged.
You hit the large abomination but do no damage.
The large abomination is heavily damaged.
The large abomination hits you!!
You die...

## .# #.#
.. .## #
..# .###.
#.#
......#.#
#.@# #.X#
#.## .#
.# ##


You could see a large abomination.

Vanquished Creatures
  Gastronok (D:10)
  Fannar (D:10)
  A catoblepas (Lair:6)
  2 two-headed ogres
  10 death yaks
  A queen ant (Lair:2)
  Urug (Lair:1)
  A sun demon (Lair:6)
  Nergalle (Lair:1)
  2 unseen horrors (D:10)
  A wizard (Lair:6)
  Pikel (D:4)
  An orc knight (D:8)
  An ugly thing (D:11)
  A black mamba (shapeshifter) (D:8)
  3 black mambas
  Joseph (Lair:1)
  Psyche (D:8)
  A smoke demon (Lair:6)
  10 komodo dragons
  8 spiny frogs
  3 orange demons (Lair:6)
  3 ice devils (Lair:6)
  6 rime drakes
  2 trolls (D:10)
  Prince Ribbit (D:8)
  19 blink frogs
  Grinder (D:3)
  9 hippogriffs
  7 dream sheep (Lair:6)
  A wyvern (Lair:5)
  4 basilisks
  4 hogs (D:7)
  49 yaks
  Eustachio (D:6)
  2 fire bats (Abyss:4)
  A human (D:7)
  Grum (D:8)
  A hungry ghost (D:7)
  Menkaure (D:4)
  3 nagas (Lair:2)
  20 soldier ants (Lair:2)
  18 wargs (D:8)
  4 hell hounds (Lair:6)
  5 porcupines
  12 water moccasins
  Duvessa (D:4)
  A black bear (D:10)
  10 orc warriors
  An ice beast (D:9)
  2 eyes of draining
  A sky beast (D:8)
  6 ogres
  2 phantoms
  16 wolves
  12 centaurs
  14 crocodiles
  4 big kobolds
  18 bullfrogs
  Blork the orc (D:6)
  5 water moccasin zombies
  A gnoll sergeant (D:6)
  4 scorpions
  Dowan (D:4)
  4 wights (D:10)
  13 killer bees (D:10)
  5 crimson imps
  3 centaur zombies
  A bullfrog zombie (D:9)
  A jelly (D:7)
  A quasit (D:10)
  A bullfrog skeleton (D:7)
  8 orc priests
  3 hounds
  A centaur skeleton (D:6)
  13 orc wizards
  Natasha (thrice) (D:4)
  2 iguanas (Lair:1)
  25 worker ants
  A hound skeleton (D:4)
  2 mummies (Ossuary)
  2 worker ant zombies
  Robin (D:3)
  5 gnolls (D:6)
  24 adders
  3 river rats
  3 shadow imps
  12 white imps (Lair:1)
  An ooze (D:2)
  A worm zombie (D:7)
  3 adder zombies
  2 worms (D:3)
  A dart slug (D:1)
  8 leopard geckos
  97 orcs
  8 giant cockroaches
  A gnoll zombie (Ossuary)
  19 goblins
  4 hobgoblins
  13 jackals
  27 kobolds
  2 quokkas
  A ball python (D:2)
  7 bats
  A frilled lizard (D:1)
  4 hobgoblin zombies (Ossuary)
  A jackal skeleton (D:7)
  6 kobold zombies (Ossuary)
  A leopard gecko zombie (D:6)
  6 orc zombies (Ossuary)
  8 rats
  A fungus (Lair:2)
  3 plants
691 creatures vanquished.

Vanquished Creatures (collateral kills)
  A lich (Abyss:4)
  A tentacled starspawn (Abyss:4)
  6 hydras
  A death yak (Lair:6)
  3 thrashing horrors (Abyss:4)
  An anaconda skeleton (Abyss:4)
  An orc knight (D:8)
  A spiny frog (Lair:1)
  A smoke demon (Abyss:4)
  A tormentor (Abyss:4)
  A ynoxinul (Abyss:4)
  2 yaks (Lair:6)
  2 neqoxecs (Abyss:4)
  A water moccasin (Lair:1)
  2 orc warriors (D:8)
  9 starcursed masses (Abyss:4)
  2 crocodiles
  An orc priest (D:8)
  2 orcs (D:8)
  A plant (Lair:6)
40 creatures vanquished.

Vanquished Creatures (others)
  2 slaves (D:4)
  An orc (D:4)
  A fungus (Lair:2)
  6 plants
  2 starspawn tentacles (Abyss:4)
12 creatures vanquished.

Grand Total: 743 creatures vanquished

Notes
Turn   | Place    | Note
-------+----------+-------------------------------------------
     0 | D:1      | Fang the Gargoyle Berserker began the quest for the Orb.
     0 | D:1      | Reached XP level 1. HP: 14/14 MP: 1/1
   311 | D:1      | Reached XP level 2. HP: 13/20 MP: 2/2
   517 | D:1      | Reached skill level 3 in Axes
   543 | D:1      | Reached XP level 3. HP: 24/24 MP: 3/3
   563 | D:1      | Reached ** piety under Trog
   602 | D:1      | Found a glowing golden altar of the Shining One.
  1309 | D:2      | Reached XP level 4. HP: 29/29 MP: 4/4
  1670 | D:3      | Found a glowing drain.
  1694 | Sewer    | Entered a sewer
  1705 | Sewer    | Reached *** piety under Trog
  1714 | Sewer    | Reached skill level 1 in Stealth
  1865 | Sewer    | Noticed a big kobold
  1883 | Sewer    | Reached XP level 5. HP: 31/33 MP: 5/5
  1905 | Sewer    | Killed a big kobold
  1905 | Sewer    | Reached skill level 4 in Axes
  1958 | Sewer    | Found a white marble altar of Elyvilon.
  2315 | D:3      | Noticed Grinder
  2333 | D:3      | Paralysed by Grinder for 3 turns
  2343 | D:3      | Killed Grinder
  2343 | D:3      | Reached skill level 5 in Axes
  2343 | D:3      | Reached XP level 6. HP: 30/40 MP: 6/6
  2570 | D:3      | Noticed Robin
  2577 | D:3      | Reached **** piety under Trog
  2582 | D:3      | Killed Robin
  2582 | D:3      | Reached XP level 7. HP: 44/44 MP: 7/7
  2865 | D:4      | Reached skill level 5 in Fighting
  2958 | D:4      | Noticed Pikel
  2975 | D:4      | Killed Pikel
  2975 | D:4      | Reached skill level 6 in Axes
  2975 | D:4      | Reached XP level 8. HP: 44/50 MP: 8/8
  3216 | D:4      | Noticed Duvessa
  3216 | D:4      | Noticed Dowan
  3222 | D:4      | Killed Dowan
  3227 | D:4      | Killed Duvessa
  3227 | D:4      | Reached skill level 7 in Axes
  3227 | D:4      | Reached skill level 5 in Armour
  3379 | D:4      | Noticed Menkaure
  3390 | D:4      | Killed Menkaure
  3616 | D:4      | Found Symi's Assorted Antiques.
  3644 | D:4      | Noticed Natasha
  3652 | D:4      | Killed Natasha
  3724 | D:4      | Noticed Natasha
  3729 | D:4      | Killed Natasha
  3880 | D:4      | Noticed Natasha
  3885 | D:4      | Killed Natasha
  3899 | D:5      | Entered Level 5 of the Dungeon
  4015 | D:5      | Reached skill level 8 in Axes
  4015 | D:5      | Reached XP level 9. HP: 55/55 MP: 9/9
  4275 | D:5      | Found a radiant altar of Vehumet.
  4477 | D:5      | Found a staircase to the Ecumenical Temple.
  4711 | Temple   | Entered the Ecumenical Temple
  4814 | D:6      | Noticed Eustachio
  4823 | D:6      | Killed Eustachio
  5044 | D:6      | Reached ***** piety under Trog
  5067 | D:6      | Received a gift from Trog
  5094 | D:6      | Reached skill level 9 in Axes
  5166 | D:6      | Noticed Blork the orc
  5174 | D:6      | Killed Blork the orc
  5214 | D:6      | Found a shattered altar of Ashenzari.
  5382 | D:7      | Found a sand-covered staircase.
  5407 | Ossuary  | Entered an ossuary
  5621 | Ossuary  | Received a gift from Trog
  5887 | D:7      | Gained mutation: [Your magical capacity is low. (-10% MP)]
                  | [potion of mutation]
  5887 | D:7      | Gained mutation: [Your spells are a little easier to cast,
                  | but a little less powerful.] [potion of mutation]
  5887 | D:7      | Gained mutation: You occasionally shout uncontrollably at
                  | your foes. [potion of mutation]
  5887 | D:7      | Gained mutation: You have supernaturally acute eyesight.
                  | (SInv) [potion of mutation]
  6096 | D:7      | Reached skill level 10 in Axes
  6096 | D:7      | Reached XP level 10. HP: 61/61 MP: 9/9
  6223 | D:7      | Found a stormy altar of Qazlal.
  6582 | D:8      | Noticed a black mamba
  6587 | D:8      | Received a gift from Trog
  6602 | D:8      | Killed a black mamba
  6610 | D:8      | Found a roughly hewn altar of Beogh.
  7251 | D:8      | Reached skill level 11 in Axes
  7279 | D:8      | Noticed Psyche
  7293 | D:8      | Killed Psyche
  7598 | D:8      | Noticed Prince Ribbit
  7631 | D:8      | Reached XP level 11. HP: 68/68 MP: 9/9
  7796 | D:8      | Noticed Grum
  7809 | D:8      | Killed Grum
  8081 | D:8      | Killed Prince Ribbit
  8132 | D:8      | Noticed an orc knight
  8148 | D:8      | Killed an orc knight
  8358 | D:8      | Noticed an orc knight
  8359 | D:8      | Reached skill level 12 in Axes
  8368 | D:8      | Killed an orc knight
  9308 | D:8      | Noticed a two-headed ogre
  9318 | D:8      | Killed a two-headed ogre
  9486 | D:9      | Received a gift from Trog
  9907 | D:9      | Noticed a fire dragon
  9908 | D:9      | Noticed an ice dragon
  9909 | D:9      | Found a runed door.
  9909 | D:9      | Found a runed door.
  9909 | D:9      | Noticed a fire dragon
  9909 | D:9      | Noticed an ice dragon
  9910 | D:9      | Found the +2 shield of Resistance {rF+ rC+ MR+}
 10138 | D:10     | Entered Level 10 of the Dungeon
 10172 | D:10     | Noticed an unseen horror
 10184 | D:10     | Killed an unseen horror
 10285 | D:10     | Reached skill level 13 in Axes
 10366 | D:10     | Reached XP level 12. HP: 56/76 MP: 10/10
 10529 | D:10     | Noticed Gastronok
 10550 | D:10     | Killed Gastronok
 10712 | D:10     | Received a gift from Trog
 10754 | D:10     | Noticed Fannar
 10776 | D:10     | Killed Fannar
 10776 | D:10     | Reached skill level 10 in Fighting
 11185 | D:10     | Reached skill level 14 in Axes
 12096 | D:11     | Noticed a two-headed ogre
 12103 | D:11     | Killed a two-headed ogre
 12103 | D:11     | Reached skill level 10 in Armour
 12299 | D:11     | Found a staircase to the Lair.
 12833 | Lair:1   | Entered Level 1 of the Lair of Beasts
 12833 | Lair:1   | Found a runed door.
 12836 | Lair:1   | Noticed Nergalle
 12853 | Lair:1   | Killed Nergalle
 12853 | Lair:1   | Reached XP level 13. HP: 83/83 MP: 11/11
 12978 | Lair:1   | Reached skill level 15 in Axes
 12999 | Lair:1   | Noticed Joseph
 13002 | Lair:1   | Reached ****** piety under Trog
 13013 | Lair:1   | Received a gift from Trog
 13015 | Lair:1   | Killed Joseph
 13017 | Lair:1   | Noticed Urug
 13038 | Lair:1   | Killed Urug
 13102 | Lair:1   | Found a frozen archway.
 13484 | Lair:1   | HP: 1/84 [komodo dragon (11)]
 14055 | Lair:1   | Noticed raszama's ghost (journeyman DDNe)
 14294 | Lair:2   | Identified a scroll of acquirement
 14314 | Lair:2   | Received a gift from Trog
 14424 | Lair:2   | Found a staircase to the Snake Pit.
 14646 | Lair:2   | Reached skill level 16 in Axes
 15447 | Snake:1  | Entered Level 1 of the Snake Pit
 15873 | Lair:3   | Found a runed gate.
 15877 | Lair:3   | Found a runed gate.
 15877 | Lair:3   | Found a runed gate.
 15879 | Lair:3   | Noticed CowFu's ghost (journeyman HOFi)
 16780 | Lair:4   | Found a glowing golden altar of the Shining One.
 16979 | Lair:4   | Received a gift from Trog
 16982 | Lair:4   | Gained mutation: Your large and strong wings let you fly
                  | indefinitely. [Gargoyle growth]
 16982 | Lair:4   | Reached XP level 14. HP: 58/91 MP: 12/12
 17550 | D:10     | Got a slimy battleaxe {god gift}
 17552 | D:10     | Identified the +5 battleaxe of Ilemnask {drain, MR+} (Trog
                  | gifted it to you on level 10 of the Dungeon)
 17674 | Lair:4   | Found a staircase to the Shoals.
 17904 | Lair:4   | Found a white marble altar of Elyvilon.
 18635 | Lair:5   | Found a staircase to the Slime Pits.
 18637 | Lair:5   | Found a viscous altar of Jiyva.
 19371 | Lair:6   | Entered Level 6 of the Lair of Beasts
 19519 | Lair:6   | Reached skill level 17 in Axes
 19616 | Lair:6   | Received a gift from Trog
 19630 | Lair:6   | Received a gift from Trog
 20589 | Lair:6   | Found a burning altar of Makhleb.
 20600 | Lair:6   | Reached XP level 15. HP: 97/97 MP: 13/13
 20642 | Lair:6   | Found a gateway to Hell.
 20786 | Lair:6   | Cast into level 4 of the Abyss (a distortion unwield)
 20809 | Abyss:4  | Noticed a lich
 20840 | Abyss:4  | Gained mutation: Armour fits poorly on your strangely
                  | shaped body. [a neqoxec]
 20852 | Abyss:4  | Killed a lich
 20857 | Abyss:4  | HP: 3/97 [starcursed mass/accursed screaming (5)]
 20857 | Abyss:4  | Paralysed by accursed screaming for 1 turns
 20861 | Abyss:4  | Reached skill level 18 in Axes
 20865 | Abyss:4  | Reached XP level 16. HP: 7/104 MP: 14/14
 20865 | Abyss:4  | HP: 2/104 [starcursed mass (5)]
 20875 | Abyss:4  | Noticed a tentacled starspawn
 20879 | Abyss:4  | Killed a tentacled starspawn
 20891 | Abyss:4  | Gained mutation: You are clumsy. (Dex -2) [a neqoxec]
 20910 | Abyss:4  | Gained mutation: You are very clumsy. (Dex -4) [a neqoxec]
 20941 | Abyss:4  | Mangled by a large abomination

Skill      XL: |  1  2  3  4  5  6  7  8  9 10 11 12 13 14 15 |
---------------+----------------------------------------------+-----
Axes           | 3 5 6 8 10 11 13 14 16 17 18 | 18.2
Dodging        | 2 3 |  3.7
Fighting       | 4 5 6 8 9 10 11 12 13 | 13.3
Stealth        | 1 2 4 |  4.9
Armour         | 3 4 5 6 8 9 10 11 | 11.9

Action                   |  1- 3 |  4- 6 |  7- 9 | 10-12 | 13-15 | 16-18 || total
-------------------------+-------+-------+-------+-------+-------+-------++-------
Melee: Hand axe          |   120 |   185 |   115 |       |       |       ||   420
       War axe           |       |       |   322 |    76 |       |       ||   398
       Executioner's axe |       |       |       |   533 |   346 |       ||   879
       Battleaxe         |       |       |       |       |   241 |     6 ||   247
Invok: Berserk           |     1 |     2 |     9 |    12 |    10 |       ||    34
       Brothers in Arms  |       |       |       |     2 |     9 |     2 ||    13
 Abil: Fly               |       |       |       |       |     1 |       ||     1
  Use: Scroll            |       |     8 |    15 |     2 |     9 |       ||    34
       Potion            |       |       |     1 |       |     6 |     1 ||     8
 Stab: Sleeping          |     1 |       |       |       |       |       ||     1
       Distracted        |       |       |     1 |       |       |     1 ||     2
       Petrified         |       |       |       |       |     4 |       ||     4
  Eat: Chunk             |     2 |     6 |    16 |    27 |    39 |       ||    90
       Ration            |       |       |     1 |     2 |       |     1 ||     4
Armor: Animal skin       |    49 |       |       |       |       |       ||    49
       Plate armour      |     9 |   158 |   313 |   618 |   620 |    14 ||  1732
Dodge: Dodged            |   100 |    79 |   173 |   381 |   343 |     6 ||  1082
